 Dungeon Crawl Stone Soup version 0.31.0-12-g77e489cdc1 (webtiles) character file.

Game seed: 14008896632783899701

115322 Ruich the Marksdemigod (level 15, -7/139 HPs)
             Began as a Demigod Hunter on Feb 13, 2024.
             Mangled by a demonic crawler (8 damage)
             ... on level 3 of the Spider Nest.
             The game lasted 01:18:54 (25981 turns).

Ruich the Marksdemigod (Demigod Hunter)            Turns: 25981, Time: 01:18:54

Health: -7/139     AC: 26    Str: 12    XL:     15   Next: 70%
Magic:  18/18      EV: 20    Int: 11    God:
Gold:   558        SH: 25    Dex: 37    Spells: 12/14 levels left

rFire   + . .        X - +3 hand cannon (flame)
rCold   + . .        A - +5 Storm Queen's Shield {shock, Fly rElec}
rNeg    . . .        S - +11 scale mail of Poficaz {Slay+5}
rPois   +            L - +2 hood of the Assassin {Detect Stab+ Stlth++}
rElec   +            G - scarf "Neucid Xety" {+Inv, rF+}
rCorr   .            x - +2 pair of gloves
SInv    .            V - +2 pair of boots
Will    ++...        Y - amulet of reflection
Stlth   +++++        r - ring of Toupapis {rPois Will+}
HPRegen 0.43/turn    C - ring of protection from cold
MPRegen 0.16/turn

%: reflection
@: flying, slowed, invisible, very slow
A: high MP 1, forlorn, divine attributes
a: Evoke Invisibility


You were on level 3 of the Spider Nest.
You visited 4 branches of the dungeon, and saw 22 of its levels.

You collected 3900 gold pieces.
You spent 3342 gold pieces at shops.


Innate Abilities, Weirdness & Mutations

You have an increased reservoir of magic. (+10% MP)
You shall have no god before yourself.
Your divine heritage dramatically boosts your attributes as you level up.


   Skills:
 + Level 14.5 Fighting
 + Level 17.9 Ranged Weapons
 + Level 4.4 Armour
 - Level 13.1 Dodging
 - Level 5.0 Stealth
 * Level 8.3 Shields
 - Level 5.0 Translocations


You had 12 spell levels left.
You knew the following spells:

 Your Spells              Type           Power      Damage    Failure   Level
B - Blink                 Tloc           22%        N/A       67%         2

Your spell library contained the following spells:

 Spells                   Type           Power      Damage    Failure   Level
 Lesser Beckoning         Tloc           22%        N/A       67%         2
 Gell's Gravitas          Tloc           11%        N/A       88%         3
 Teleport Other           Tloc           11%        N/A       88%         3
 Momentum Strike          Conj/Tloc      10%        3d8       95%         2
 Magic Dart               Conj           0%         1d3       99%         1
 Summon Small Mammal      Summ           0%         N/A       99%         1
 Volatile Blastmotes      Fire/Tloc      10%        2d10      99%         3
 Manifold Assault         Tloc           11%        N/A       99%         4
 Call Imp                 Summ           0%         N/A       100%        2
 Ensorcelled Hibernation  Hex/Ice        0%         N/A       100%        2
 Sublimation of Blood     Necr           0%         N/A       100%        2
 Call Canine Familiar     Summ           0%         N/A       100%        3
 Dazzling Flash           Conj/Hex       0%         N/A       100%        3
 Fugue of the Fallen      Necr           0%         N/A       100%        3
 Anguish                  Hex/Necr       0%         N/A       100%        4
 Summon Blazeheart Golem  Fire/Summ      0%         N/A       100%        4
 Dispersal                Tloc           5%         N/A       100%        6
 Starburst                Conj/Fire      0%         6d3       100%        6
 Summon Hydra             Summ           0%         N/A       100%        7
 Disjunction              Tloc           5%         N/A       100%        8
 Maxwell's Capacitive Co  Air            0%         ∞         100%        8

Inventory:

Hand Weapons
 p - the +9 arbalest "Tiliwnet" {penet, rPois Str-3 Dex+4}
   (You bought it in a shop on level 1 of the Dungeon)

   Str-3:     It affects your strength (-3).
   Dex+4:     It affects your dexterity (+4).
   rPois:     It protects you from poison
 X - a +3 hand cannon of flaming (weapon)
Armour
 x - a +2 pair of gloves (worn)
 A - the +5 Storm Queen's Shield (worn) {shock, Fly rElec}
   (You bought it in a shop on level 2 of the Orcish Mines)

   Shock:     When it blocks an attack, it may electrocute the attacker.
   This works even against foes who are a short distance away.
   rElec:     It insulates you from electricity.
   Fly:       It grants you flight.
 G - the scarf "Neucid Xety" (worn) {+Inv, rF+}
   (You found it on level 5 of the Lair of Beasts)

   rF+:       It protects you from fire.
 L - the +2 hood of the Assassin (worn) {Detect Stab+ Stlth++}
   (You found it on level 12 of the Dungeon)

   Detect:    It allows the wearer to sense nearby creatures.
   Stab+:     It allows the wearer to make particularly effective stabbing
   attacks against helpless or unaware enemies with any weapon.
   Stlth++:   It makes you much more stealthy.
 S - the +11 scale mail of Poficaz (worn) {Slay+5}
   (You bought it in a shop on level 2 of the Orcish Mines)

   Slay+5:    It affects your accuracy & damage with ranged weapons and melee
   (+5).
 V - a +2 pair of boots (worn)
Jewellery
 e - the ring of Darkness {EV+5 Int+3}
   (You found it on level 7 of the Dungeon)

   [ring of evasion]

   EV+5:      It affects your evasion (+5).
   Int+3:     It affects your intelligence (+3).
 r - the ring of Toupapis (left hand) {rPois Will+}
   (You found it on level 3 of the Lair of Beasts)

   [ring of willpower]

   rPois:     It protects you from poison Will+: It increases your willpower.
 C - a ring of protection from cold (right hand)
 N - a ring of positive energy
 Y - an amulet of reflection (around neck)
Wands
 l - a wand of paralysis (16)
 s - a wand of light (9)
 u - a wand of roots (8)
 E - a wand of mindburst (7)
 I - a wand of polymorph (6)
 W - a wand of flame (30)
Scrolls
 b - a scroll of butterflies
 c - 4 scrolls of fear
 f - 12 scrolls of teleportation {@r2}
 i - a scroll of fog
 t - 5 scrolls of immolation
 y - 4 scrolls of poison
 z - 6 scrolls of vulnerability
 H - a scroll of revelation
 J - a scroll of amnesia
 M - a scroll of brand weapon
 P - 2 scrolls of enchant armour
 R - 5 scrolls of identify {@r1}
 Z - a scroll of silence {!r}
Potions
 d - 5 potions of might
 g - 10 potions of curing {@q1}
 h - 7 potions of brilliance
 j - 2 potions of ambrosia
 k - 4 potions of haste {@q3}
 n - a potion of magic {unknown}
 o - 2 potions of mutation
 q - 4 potions of lignification
 v - 3 potions of resistance
 w - 3 potions of cancellation
 B - a potion of heal wounds {@q2}
 D - a potion of enlightenment
 O - a potion of berserk rage {!q}
 U - 2 potions of attraction {unknown}
Miscellaneous
 K - a tin of tremorstones (2/2)

Dungeon Overview and Level Annotations

Branches:
Dungeon (12/15)            Temple (0/1) D:5            Lair (5/5) D:11
 Shoals (0/4) Lair:3       Spider (3/4) Lair:2        Slime (0/5) Lair:5
    Orc (2/2) D:9             Elf (0/3) Orc:2

Shops:
D:1 ![*(   D:4 (   D:8 :   Orc:2 =[*[

Portals:
Abyss: Lair:5

Annotations:
D:2 1 runed translucent door, Crazy Yiuf
Lair:5 1 runed translucent door
Orc:2 exclusion: 2 doors

#.#≈≈ #≈≈~... .#
#.#^~~S≈≈~.. ^..
..^..~#≈~..#....
....#.~≈#..#...........
......#~#..............
..#...............#....
......^s.....w.#.......
.......@s...........#..
.#.....#...............
##....#^.....†....^...
#....###.#^........#
#...# #.#^...§#.#..#
#.#.###.......###
....#.....#....# ..
......†^....##
............## ####


You could see a torpor snail (wandering, unable to see you), 2 demonic crawlers
and an electric eel (wandering, unable to see you).


Message History

* * * LOW HITPOINT WARNING * * *
The demonic crawler hits you but does no damage.
Unknown command.
You feel much better. You block the wolf spider's attack. x2
The air sparks with electricity, shocking the wolf spider!
You block the demonic crawler's attack. The demonic crawler hits you!
* * * LOW HITPOINT WARNING * * *
The demonic crawler hits you!
* * * LOW HITPOINT WARNING * * *
The wolf spider misses you. The wolf spider completely misses you.
The demonic crawler misses you.
The demonic crawler completely misses you.
The demonic crawler hits you!!
* * * LOW HITPOINT WARNING * * *
Being near the torpor snail leaves you feeling lethargic.
Unknown command.
Blink to where?
Press: ? - help, Dir - move target, p - demonic crawler An electric eel comes into view.
As you read the scroll of blinking, it crumbles to dust.
The demonic crawler rages.
There is a stone staircase leading up here.
You block the demonic crawler's attack. The demonic crawler hits you!
* * * LOW HITPOINT WARNING * * *
The demonic crawler misses you.
You block the demonic crawler's attack. x2
The air sparks with electricity, shocking the demonic crawler!
The demonic crawler hits you but does no damage.
The demonic crawler misses you. The demonic crawler closely misses you.
The demonic crawler hits you!
You die...

Skill      XL: |  1  2  3  4  5  6  7  8  9 10 11 12 13 14 15 |
---------------+----------------------------------------------+-----
Fighting       | 2 3 4 5 7 8 10 11 12 13 14 | 14.5
Ranged Weapons | 4 5 6 7 9 10 12 14 15 16 17 | 17.9
Stealth        | 1 3 5 |  5.0
Dodging        | 2 3 5 8 10 12 13 | 13.1
Translocations | 1 2 3 5 |  5.0
Shields        | 5 8 |  8.3
Armour         | 1 4 |  4.4

Action                     |  1- 3 |  4- 6 |  7- 9 | 10-12 | 13-15 || total
---------------------------+-------+-------+-------+-------+-------++-------
   Fire: Shortbow          |   144 |    24 |       |       |       ||   168
         Arbalest          |       |    34 |   147 |   364 |   440 ||   985
         Hand cannon       |       |       |       |       |   568 ||   568
   Cast: Blink             |       |       |       |     1 |     4 ||     5
  Evoke: Wand              |       |       |       |       |     3 ||     3
    Use: Scroll            |       |    13 |     5 |    10 |    17 ||    45
         Potion            |       |       |     3 |       |     7 ||    10
 Armour: Leather armour    |    34 |     4 |    35 |     8 |    30 ||   111
         Troll leather arm |       |       |       |    56 |     1 ||    57
         Scale mail        |       |       |       |       |   138 ||   138
         Robe              |       |       |       |       |    35 ||    35
  Dodge: Dodged            |    33 |     7 |    40 |   158 |   485 ||   723
  Block: Kite shield       |       |       |       |       |   365 ||   365
         Reflection        |       |       |       |       |    15 ||    15

Levels and vault maps discovered:
D:1:      wheals_arrival_linesprint, layout_basic, serial_shops,
          nicolae_shop_drivethru, shop, nicolae_shop_rolling_square,
          shop_statue, palyth_stone_intersect, serial_bayou_lagoon_a,
          minmay_tetromino_o2
D:2:      layout_basic, uniq_crazy_yiuf_cottage
D:3:      layout_basic, hellmonk_overflow_destroyed_library,
          mainiacjoe_overflow_24_doors, nicolae_figureground_pulse
D:4:      layout_layer_cave, serial_shops, shop, grunt_decor_clamped,
          minmay_cupped
D:5:      layout_loops_ring, minmay_temple_entry_slanted, minmay_crystal_room
D:6:      layout_layer_cave, mainiacjoe_overflow_cross_hatched
D:7:      layout_cave_pods, nicolae_uskayaw_dance_studio,
          roadster_capsule_ark_zombie, uniq_pikel
D:8:      layout_rooms, serial_shops, nicolae_shop_peninsula
D:9:      layout_roguey, minitemple, kennysheep_orc_monster_closet_entryway,
          minmay_fractal_squares_gapless_7, uniq_maurice
D:10:     minmay_bloctagon_deflated, layout_gridville, hangedman_incinerator
D:11:     layout_basic, grunt_lair_entry_orc_guard_hut, gammafunk_ghost_ooze
D:12:     layout_basic, nicolae_doodle_vault
Lair:1:   layout_regular_city, minivault_19, infiniplex_staircase_pool_2
Lair:2:   layout_roguey, dummy_spider_entry, serial_bayou_shore_a
Lair:3:   layout_chaotic_city, minmay_shoals_entry_centaurs
Lair:4:   layout_cave_pods, minmay_lair_oklob_items
Lair:5:   hellmonk_lair_end_abyssal_woods, layout_gridlike, slime_entry_2
Spider:1: layout_spider_delve, gammafunk_ghost_necromancy
Spider:2: layout_chambers, drop_trap
Spider:3: layout_spider_delve, nicolae_orb_island, uniq_arachne
Orc:1:    layout_caves, basic_altar, hangedman_minor_magic
Orc:2:    pubby_orc_utopia

Notes
Turn   | Place    | Note
-------+----------+-------------------------------------------
     0 | D:1      | Ruich the Demigod Hunter began the quest for the Orb.
     0 | D:1      | Reached XP level 1. HP: 17/17 MP: 3/3
   111 | D:1      | Reached skill level 2 in Fighting
   111 | D:1      | Found Muom's Armour Shoppe.
   138 | D:1      | Found a transporter.
   140 | D:1      | Found Wusong's Assorted Antiques.
   177 | D:1      | Found Muoluado's Weapon Emporium.
   237 | D:1      | Found a transporter.
   321 | D:1      | Reached XP level 2. HP: 24/24 MP: 4/4
   331 | D:1      | Reached skill level 4 in Ranged Weapons
   331 | D:1      | Found Reler's Distillery.
  1008 | D:2      | You fall into a shaft and drop 1 floor!
  1107 | D:3      | Reached XP level 3. HP: 21/30 MP: 5/5
  1215 | D:2      | Reached skill level 1 in Stealth
  1258 | D:2      | Reached skill level 2 in Dodging
  1384 | D:2      | Identified the +1 dagger of Evaef {speed, Int+3}
  1448 | D:2      | Found a runed translucent door.
  1449 | D:2      | Noticed Crazy Yiuf
  1554 | D:2      | Reached XP level 4. HP: 37/37 MP: 6/6
  1618 | D:2      | Learned a level 2 spell: Blink
  2480 | D:3      | Identified a scroll of acquirement
  2480 | D:3      | Acquired 804 gold pieces
  2559 | D:1      | Bought the +9 arbalest "Tiliwnet" {penet, rPois Str-3
                  | Dex+4} for 903 gold pieces
  2629 | D:3      | Identified a potion of resistance
  2794 | D:4      | Reached skill level 5 in Ranged Weapons
  2800 | D:4      | Reached skill level 1 in Translocations
  2800 | D:4      | Reached XP level 5. HP: 44/44 MP: 7/7
  2822 | D:4      | Reached skill level 3 in Fighting
  2896 | D:4      | Found Hoiwomm's Weapon Emporium.
  3181 | D:4      | Reached XP level 6. HP: 51/51 MP: 8/8
  3236 | D:4      | Reached skill level 2 in Translocations
  3484 | D:4      | Found the +8 trident of the Octopus King {venom, rElec
                  | rPois}
  3558 | D:5      | Entered Level 5 of the Dungeon
  3605 | D:5      | Reached skill level 6 in Ranged Weapons
  3621 | D:5      | Found a staircase to the Ecumenical Temple.
  3663 | D:5      | Reached XP level 7. HP: 58/58 MP: 9/9
  3664 | D:5      | Reached skill level 4 in Fighting
  3979 | D:5      | Reached skill level 3 in Translocations
  4504 | D:6      | Reached skill level 7 in Ranged Weapons
  5032 | D:6      | Reached XP level 8. HP: 67/67 MP: 10/10
  5464 | D:7      | Identified the +0 chain mail of Gomeff {rC+++ Str-3 Dex+3}
  5504 | D:7      | Reached skill level 4 in Translocations
  5506 | D:7      | Reached skill level 5 in Fighting
  5512 | D:7      | Reached skill level 8 in Ranged Weapons
  5585 | D:7      | Identified the ring of Darkness {EV+5 Int+3}
  5605 | D:7      | Noticed Pikel
  5612 | D:7      | Killed Pikel
  5613 | D:7      | Reached skill level 5 in Translocations
  5771 | D:7      | Reached skill level 9 in Ranged Weapons
  5771 | D:7      | Reached XP level 9. HP: 75/75 MP: 11/11
  5774 | D:7      | Reached skill level 6 in Fighting
  6400 | D:8      | Acquired a manual of Ranged Weapons
  6434 | D:8      | Reached skill level 10 in Ranged Weapons
  6477 | D:8      | Found Elihesi's Book Shop.
  6518 | D:8      | Reached skill level 2 in Stealth
  6787 | D:9      | Noticed a two-headed ogre
  6790 | D:9      | Reached skill level 7 in Fighting
  6790 | D:9      | Reached skill level 3 in Dodging
  6792 | D:9      | Killed a two-headed ogre
  6793 | D:9      | Reached skill level 3 in Stealth
  6860 | D:9      | Reached XP level 10. HP: 86/86 MP: 13/13
  6965 | D:9      | Noticed a cyclops
  7049 | D:9      | Noticed a two-headed ogre
  7181 | D:9      | Noticed Maurice
  7188 | D:9      | Killed Maurice
  7200 | D:9      | Reached skill level 11 in Ranged Weapons
  7203 | D:9      | Reached skill level 4 in Dodging
  7213 | D:9      | Reached skill level 4 in Stealth
  7248 | D:9      | Found a staircase to the Orcish Mines.
  7336 | D:9      | Noticed a deep elf pyromancer
  7366 | D:9      | Killed a deep elf pyromancer
  7408 | D:9      | Reached skill level 8 in Fighting
  7416 | D:9      | Killed a two-headed ogre
  7417 | D:9      | Reached skill level 5 in Dodging
  7417 | D:9      | Reached skill level 5 in Stealth
  7430 | D:9      | Killed a cyclops
  7851 | D:9      | Reached skill level 12 in Ranged Weapons
  8484 | D:10     | Entered Level 10 of the Dungeon
  8502 | D:10     | Noticed a two-headed ogre
  8505 | D:10     | Killed a two-headed ogre
  8506 | D:10     | Reached XP level 11. HP: 95/95 MP: 14/14
  8594 | D:10     | Reached skill level 6 in Dodging
  8884 | D:10     | Reached skill level 9 in Fighting
  8884 | D:10     | Noticed an ogre mage
  8887 | D:10     | Killed an ogre mage
  8888 | D:10     | Reached skill level 13 in Ranged Weapons
  9046 | D:10     | Reached skill level 7 in Dodging
  9596 | D:11     | Noticed a boulder beetle
  9609 | D:11     | Killed a boulder beetle
  9633 | D:11     | Found a runed translucent gate.
  9633 | D:11     | Found a runed translucent gate.
  9633 | D:11     | Found a runed translucent gate.
  9633 | D:11     | Noticed a great orb of eyes
  9634 | D:11     | Noticed labirda's ghost (journeyman MiFi)
 10108 | D:11     | Found a staircase to the Lair.
 10297 | Lair:1   | Entered Level 1 of the Lair of Beasts
 10318 | Lair:1   | Reached skill level 8 in Dodging
 10327 | Lair:1   | Reached skill level 14 in Ranged Weapons
 10364 | Lair:1   | Reached skill level 10 in Fighting
 10657 | Lair:1   | Reached XP level 12. HP: 106/106 MP: 15/15
 10998 | Lair:2   | Reached skill level 9 in Dodging
 11128 | Lair:2   | Reached skill level 15 in Ranged Weapons
 11128 | Lair:2   | Reached skill level 10 in Dodging
 11256 | Lair:2   | Reached skill level 11 in Fighting
 11394 | Lair:2   | Found a hole to the Spider Nest.
 11789 | Lair:3   | Found a staircase to the Shoals.
 11999 | Lair:3   | Identified the ring of Toupapis {rPois Will+}
 12062 | Lair:3   | You fall into a shaft and drop 2 floors!
 12062 | Lair:5   | Entered Level 5 of the Lair of Beasts
 12062 | Lair:5   | Noticed a four-headed hydra
 12206 | Lair:3   | Reached XP level 13. HP: 116/116 MP: 16/16
 12771 | Lair:3   | Reached skill level 11 in Dodging
 13105 | Lair:4   | Reached skill level 16 in Ranged Weapons
 13999 | Lair:5   | Reached skill level 12 in Fighting
 14190 | Lair:5   | Identified the scarf "Neucid Xety" {+Inv, rF+}
 14364 | Lair:5   | Found a runed translucent door.
 14365 | Lair:5   | Noticed an acid blob
 14366 | Lair:5   | Noticed an acid blob
 14368 | Lair:5   | Noticed an acid blob
 14368 | Lair:5   | Noticed an acid blob
 14370 | Lair:5   | Found a staircase to the Slime Pits.
 15225 | Lair:5   | Reached skill level 12 in Dodging
 15885 | Lair:5   | Found a one-way gate to the infinite horrors of the Abyss.
 16350 | Orc:1    | Entered Level 1 of the Orcish Mines
 16365 | Orc:1    | Noticed an orc warlord
 16374 | Orc:1    | Killed an orc warlord
 16375 | Orc:1    | Reached XP level 14. HP: 127/127 MP: 14/17
 16567 | Orc:1    | Reached skill level 13 in Fighting
 16572 | Orc:1    | Identified the +0 robe "Wiweudi" {rC+ SInv}
 16722 | Orc:2    | Entered Level 2 of the Orcish Mines
 17696 | Orc:2    | Found Koum's Jewellery Emporium.
 17949 | Orc:2    | Found Julerust's Armour Shoppe.
 17959 | Orc:2    | Reached skill level 17 in Ranged Weapons
 18112 | Orc:2    | Bought the +5 Storm Queen's Shield {shock, Fly rElec} for
                  | 684 gold pieces
 18112 | Orc:2    | Found the +5 Storm Queen's Shield {shock, Fly rElec}
 18131 | Orc:2    | Bought an amulet of reflection for 450 gold pieces
 18709 | Orc:2    | Reached skill level 1 in Shields
 19411 | Orc:2    | Found a staircase to the Elven Halls.
 19471 | Orc:2    | Reached skill level 2 in Shields
 19531 | Orc:2    | Identified the +2 quarterstaff of Wociom {freeze, Int+4
                  | Stlth+}
 19633 | Orc:2    | Noticed an orc warlord
 19653 | Orc:2    | Killed an orc warlord
 19719 | Orc:2    | Found Hecyrchat's Armour Boutique.
 19754 | Orc:2    | Reached skill level 3 in Shields
 19813 | Orc:2    | Found Cuz Baqi's Assorted Antiques.
 19929 | Orc:2    | Reached skill level 13 in Dodging
 20158 | D:11     | Killed labirda's ghost
 20305 | D:11     | Identified the staff of the Pillar {rN+ Str-3 Int+2 Earth}
 20361 | D:12     | Reached skill level 4 in Shields
 21121 | D:12     | Found the +2 hood of the Assassin {Detect Stab+ Stlth++}
 21359 | D:12     | Acquired 814 gold pieces
 21413 | D:12     | Acquired 392 gold pieces
 21675 | Orc:2    | Bought the +11 scale mail of Poficaz {Slay+5} for 1305 gold
                  | pieces
 21917 | Spider:1 | Entered Level 1 of the Spider Nest
 21937 | Lair:2   | Reached skill level 5 in Shields
 22073 | Lair:2   | Reached skill level 1 in Armour
 22566 | Spider:1 | Found a runed translucent gate.
 22566 | Spider:1 | Found a runed translucent gate.
 22567 | Spider:1 | Found a runed translucent gate.
 22568 | Spider:1 | Noticed Uroef's ghost (adept MiBe)
 22620 | Spider:1 | Killed Uroef's ghost
 22621 | Spider:1 | Reached XP level 15. HP: 77/126 MP: 18/18
 22816 | Spider:1 | Reached skill level 14 in Fighting
 22837 | Spider:1 | Reached skill level 2 in Armour
 22909 | Spider:1 | Reached skill level 6 in Shields
 23803 | Spider:2 | Reached skill level 3 in Armour
 24266 | Spider:2 | Reached skill level 7 in Shields
 25343 | Spider:3 | Noticed Arachne
 25465 | Spider:3 | Reached skill level 4 in Armour
 25531 | Spider:3 | Killed Arachne
 25532 | Spider:3 | Reached skill level 8 in Shields
 25978 | Spider:3 | HP: 6/139 [demonic crawler (23)]
 25981 | Spider:3 | HP: 1/139 [demonic crawler (7)]
 25981 | Spider:3 | Mangled by a demonic crawler

Vanquished Creatures
  Arachne (Spider:3)
  The ghost of Uroef the Tortoise, an adept MiBe of Trog (Spider:1)
  An emperor scorpion (Spider:2)
  A ghost moth (Spider:2)
  2 orc warlords
  2 broodmothers
  The ghost of labirda the Bludgeoner, a journeyman MiFi of Hepliaklqana (D:11)
  An entropy weaver (Spider:3)
  A great orb of eyes (D:11)
  A jorogumo (Spider:3)
  2 radroaches (Spider:2)
  A hydra (Lair:5)
  An ogre mage (D:10)
  3 boulder beetles
  A deep troll earth mage (D:12)
  6 two-headed ogres
  6 demonic crawlers
  3 thrashing horrors (Lair:5)
  2 spectral emperor scorpions (Spider:1)
  A hell knight (D:11)
  4 orc high priests (Orc:2)
  A spectral spark wasp (Spider:1)
  6 skysharks
  7 pharaoh ants
  2 spectral ghost moths (Spider:1)
  5 orb spiders
  Pikel (D:7)
  3 orc knights (Orc:2)
  4 steelbarb worms
  2 deep elf zephyrmancers (Orc:1)
  A cyclops (D:9)
  A deep elf pyromancer (D:9)
  A spectral radroach (Spider:1)
  2 oklob plants
  3 wolf spiders
  7 orc sorcerers
  3 ugly things (Lair:5)
  A large abomination (Lair:5)
  Maurice (D:9)
  3 manticores
  2 kobold blastminers (Orc:2)
  2 moths of wrath
  17 elephants
  3 black mambas
  A black mamba (shapeshifter) (Lair:5)
  4 torpor snails
  2 smoke demons (Lair:5)
  2 gargoyles (D:12)
  7 cane toads
  2 unseen horrors (D:12)
  2 kobold demonologists (D:12)
  9 komodo dragons
  A freezing wraith (D:10)
  A rime drake (Lair:4)
  A tengu conjurer (D:9)
  A yaktaur (D:12)
  A polar bear (shapeshifter) (Lair:5)
  2 broodmother simulacra (Spider:1)
  8 trolls
  A polar bear (Lair:5)
  8 tarantellas
  20 blink frogs
  A jorogumo simulacrum (Spider:1)
  12 jumping spiders
  11 dream sheep
  3 raiju (Lair:5)
  3 slime creatures
  8 culicivoras
  A yak (shapeshifter) (Lair:5)
  5 shadows
  A wraith (D:12)
  A spriggan (Lair:5)
  59 yaks
  2 wyverns
  4 basilisks
  4 fire bats (D:10)
  A fire elemental (D:10)
  A vampire (D:12)
  A steam dragon (D:8)
  36 redbacks
  A chaos spawn (Lair:5)
  6 wargs
  10 small abominations (Lair:5)
  A hell hound (D:10)
  11 water moccasins
  47 orc warriors
  2 elephant zombies (D:7)
  A swamp drake (Orc:1)
  An ice beast (D:7)
  2 black bears
  A sky beast (D:7)
  18 wolves
  18 ogres
  3 radroach simulacra (Spider:1)
  5 centaurs
  A phantom (D:5)
  A lemure (D:7)
  An elf zombie (D:7)
  8 kobold brigands
  15 bullfrogs
  3 gnoll sergeants (D:9)
  2 scorpions (D:4)
  13 wights
  An electric eel (Lair:2)
  2 howler monkeys (D:12)
  A crimson imp (Orc:1)
  2 lava snakes (D:10)
  2 centaur zombies (D:7)
  A hound (D:4)
  An iron imp (Orc:1)
  5 jellies
  26 orc priests
  3 sleepcaps
  3 iguanas
  29 orc wizards
  3 scorpion zombies (D:7)
  An ogre zombie (D:7)
  3 hound zombies (D:7)
  12 gnolls
  2 howler monkey zombies (D:7)
  5 adders
  A shadow imp (Orc:1)
  2 white imps
  2 ufetubi (D:6)
  An adder zombie (D:7)
  2 dart slugs
  4 ribbon worms
  107 orcs
  5 ball pythons
  2 endoplasms
  3 giant cockroaches
  4 goblins
  3 hobgoblins
  13 jackals
  4 quokkas
  5 bats
  6 frilled lizards
  26 kobolds
  8 rats
818 creatures vanquished.

Vanquished Creatures (others)
  An orc (Orc:2)
1 creature vanquished.

Grand Total: 819 creatures vanquished

Table legend: (Time is in decaauts)
 A = Elapsed time spent in this place.
 B = Non-inter-level travel time spent in this place.
 C = Inter-level travel time spent in this place.
 D = Time resting spent in this place.
 E = Time spent auto-exploring this place.
 F = Levels seen in this place.
 G = Mean time per level.
                   A        B        C        D        E       F      G
               +--------+--------+--------+--------+--------+-----+--------+
         Total |  26497 |  24914 |   1583 |   7543 |  12296 |  22 | 1204.4 |
       Dungeon |  12267 |  11326 |    941 |   2064 |   7147 |  12 | 1022.2 |
          Lair |   6330 |   6077 |    253 |   2050 |   2833 |   5 | 1266.0 |
   Spider Nest |   3944 |   3867 |     77 |   1849 |   1268 |   3 | 1314.7 |
  Orcish Mines |   3955 |   3644 |    311 |   1579 |   1046 |   2 | 1977.5 |
               +--------+--------+--------+--------+--------+-----+--------+

Top non-repeatable levels by time:
   Orc:2: 3377 daAuts
  Lair:5: 2401 daAuts
     D:9: 2044 daAuts
Spider:2: 1708 daAuts
Spider:1: 1598 daAuts
    D:11: 1481 daAuts
  Lair:2: 1143 daAuts
     D:6: 1112 daAuts
  Lair:4: 1071 daAuts
    D:10: 1051 daAuts
     D:1: 985 daAuts
  Lair:3: 974 daAuts
     D:4: 909 daAuts
     D:3: 904 daAuts
    D:12: 876 daAuts

Table legend:
 A = Non-vault XP
 B = Vault XP
 C = Vault XP percentage of total XP
 D = Non-vault monster count
 E = Vault monster count
 F = Vault count percentage of total count
                 A         B        C        D         E       F
            +---------+---------+-------+---------+---------+-------
      Total |  100010 |   64737 |  39.3 |     488 |     329 |  40.3
            +---------+---------+-------+---------+---------+-------
        D:1 |      29 |       1 |   3.3 |      21 |       1 |   4.5
        D:2 |      68 |       0 |   0.0 |      25 |       0 |   0.0
        D:3 |      40 |       0 |   0.0 |      19 |       0 |   0.0
        D:4 |     408 |      45 |   9.9 |      14 |       2 |  12.5
        D:5 |     496 |       0 |   0.0 |      13 |       0 |   0.0
        D:6 |     773 |       0 |   0.0 |      21 |       0 |   0.0
        D:7 |    1120 |    1449 |  56.4 |      21 |      24 |  53.3
        D:8 |     501 |       0 |   0.0 |      10 |       0 |   0.0
        D:9 |    2388 |    4684 |  66.2 |      24 |      29 |  54.7
       D:10 |    3231 |    3465 |  51.7 |      22 |      12 |  35.3
       D:11 |    3069 |    4066 |  57.0 |      11 |      10 |  47.6
       D:12 |    4996 |    3177 |  38.9 |      18 |      10 |  35.7
     Lair:1 |    4249 |       0 |   0.0 |      19 |       0 |   0.0
     Lair:2 |   13691 |       0 |   0.0 |      37 |       0 |   0.0
     Lair:3 |    8779 |     337 |   3.7 |      33 |       3 |   8.3
     Lair:4 |    6354 |     520 |   7.6 |      26 |       1 |   3.7
     Lair:5 |    8653 |   12831 |  59.7 |      31 |      42 |  57.5
   Spider:1 |    5053 |    7078 |  58.3 |      14 |      13 |  48.1
   Spider:2 |   23281 |       0 |   0.0 |      54 |       0 |   0.0
   Spider:3 |    9985 |    2213 |  18.1 |      29 |       1 |   3.3
      Orc:1 |    2846 |    2528 |  47.0 |      26 |      19 |  42.2
      Orc:2 |       0 |   22343 | 100.0 |       0 |     162 | 100.0
            +---------+---------+-------+---------+---------+-------
